 Dungeon Crawl Stone Soup version 0.30.0-29-ga12c61a403 (webtiles) character file.

Game seed: 7282923858690528595

137 McKennaii the Trooper (level 5, 42/42 HPs)
             Began as a Demonspawn Fighter on June 3, 2023.
             Quit the game on level 3 of the Dungeon.
             The game lasted 00:01:50 (2158 turns).

McKennaii the Trooper (Demonspawn Fighter)          Turns: 2158, Time: 00:01:50

Health: 42/42      AC: 12    Str: 18    XL:     5   Next: 0%
Magic:  5/5        EV:  9    Int: 10    God:
Gold:   153        SH:  4    Dex: 12    Spells: 4/4 levels left

rFire   . . .        a - +0 trident
rCold   . . .        c - +0 buckler
rNeg    . . .        b - +0 scale mail
rPois   .            (no helmet)
rElec   .            (no cloak)
rCorr   .            k - +1 pair of gloves
SInv    +            q - +2 pair of boots
Will    .....        (no amulet) Stlth
                     w - ring of see invisible
HPRegen 0.27/turn    (no ring)
MPRegen 0.09/turn

%: no passive effects
@: no status effects
A: claws 1, spiny 1
a: no special abilities


You were on level 3 of the Dungeon.
You visited 1 branch of the dungeon, and saw 3 of its levels.

You collected 153 gold pieces.

Inventory:

Hand Weapons
 a - a +0 trident (weapon)
Armour
 b - a +0 scale mail (worn)
 c - a +0 buckler (worn)
 k - a +1 pair of gloves (worn)
 q - a +2 pair of boots (worn)
Jewellery
 w - a ring of see invisible (left hand)
 y - an amulet of regeneration
Wands
 x - a wand of charming (11)
Scrolls
 f - a scroll of fear {unknown}
 g - 4 scrolls of teleportation {unknown}
 i - a scroll of magic mapping {unknown}
 l - 2 scrolls of identify {unknown}
 n - a scroll of immolation {unknown}
 o - a scroll of torment {unknown}
 s - 2 scrolls of blinking {unknown}
 u - a scroll of acquirement {unknown}
 v - 2 scrolls of vulnerability {unknown}
Potions
 d - 2 potions of might
 e - 2 potions of mutation {unknown}
 h - 2 potions of magic {unknown}
 j - 2 potions of berserk rage {unknown}
 m - 2 potions of haste {unknown}
 p - a potion of invisibility {unknown}
 r - a potion of degeneration {unknown}
 t - a potion of brilliance {unknown}


   Skills:
 + Level 3.8 Fighting
 + Level 2.7 Polearms
 + Level 3.4 Armour
 + Level 3.5 Shields


You had 4 spell levels left.
You didn't know any spells.
Your spell library contained the following spells:

 Spells                   Type           Power      Damage    Failure   Level
 Freeze                   Ice            0%         1d3       83%         1
 Scorch                   Fire           0%         2d5       92%         2
 Frozen Ramparts          Ice            0%         1d1       99%         3
 Hailstorm                Conj/Ice       0%         3d3       99%         3
 Flame Wave               Conj/Fire      0%         2d4       100%        4
 Summon Cactus Giant      Summ           0%         N/A       100%        6


Dungeon Overview and Level Annotations

Branches:
Dungeon (3/15)

Altars:
Vehumet

Annotations:
D:2 Sigmund


Innate Abilities, Weirdness & Mutations

You have sharp fingernails.
You are partially covered in sharp spines.


Message History

The adder is struck by your spines. The adder bites you but does no damage.
You closely miss the adder.
The adder is heavily wounded.
The adder bites you.
You hit the adder.
The adder is heavily wounded.
The adder bites you but does no damage. x2
You hit the adder.
The adder is severely wounded.
The adder bites you but does no damage.
You barely miss the adder.
The adder is severely wounded.
The adder bites you but does no damage. The adder completely misses you.
You puncture the adder!
You kill the adder!
No target in view!
No target in view!
No target in view!
No target in view!
No target in view!
No target in view!
No target in view!
No target in view!
No target in view!
You see here an adder corpse.
You see here a rat corpse.
v - 2 scrolls labelled JAED TETUILYX (gained 1)
You see here a rat corpse.
You see here an adder corpse.
There is an open door here.
There is an open door here.
A bat comes into view.
A bat is nearby!
You puncture the bat!
You kill the bat!
You have reached level 5!
You feel monstrous as your demonic heritage exerts itself.
Your demonic ancestry asserts itself...
Your fingernails lengthen.
Are you sure you want to abandon this character and quit the game? (Confirm with "yes".)

#.#
##.##...##......####..
#.#
#..#...####......##...
#.#
#.##...#..##......#...
#.## #.#...##..
##........# #..#
###...#.. ##.......#
##.# #...##.#
##.....## #.#
##...#..# ##....#.
#.####...##†# ##..##†
#....#...'@.# ##.'†.
####.##.##### #####
#....# ######


There were no monsters in sight!

Vanquished Creatures
  Ijyb (D:3)
  A gnoll (D:3)
  5 adders
  A worm (D:3)
  A dart slug (D:3)
  An orc (D:3)
  2 ball pythons
  4 bats
  5 endoplasms
  4 giant cockroaches
  4 goblins
  3 hobgoblins
  3 jackals (D:1)
  5 kobolds
  A quokka (D:2)
  5 frilled lizards
  3 rats
49 creatures vanquished.

Notes
Turn   | Place    | Note
-------+----------+-------------------------------------------
     0 | D:1      | McKennaii the Demonspawn Fighter began the quest for the
                  | Orb.
     0 | D:1      | Reached XP level 1. HP: 18/18 MP: 1/1
   241 | D:1      | Gained mutation: You are partially covered in sharp spines.
                  | [demonic ancestry]
   241 | D:1      | Reached XP level 2. HP: 24/24 MP: 2/2
   746 | D:2      | Reached XP level 3. HP: 26/29 MP: 3/3
  1151 | D:2      | Noticed Sigmund
  1601 | D:3      | Found a radiant altar of Vehumet.
  1643 | D:3      | Noticed Ijyb
  1663 | D:3      | Killed Ijyb
  1664 | D:3      | Reached XP level 4. HP: 23/36 MP: 4/4
  2158 | D:3      | Discovered your monstrous ancestry.
  2158 | D:3      | Gained mutation: You have sharp fingernails. [demonic
                  | ancestry]
  2158 | D:3      | Reached XP level 5. HP: 42/42 MP: 5/5
  2158 | D:3      | Quit the game

Illustrated notes

Levels and vault maps discovered:
D:1:      saegor_arrival_simple_e, layout_rooms
D:2:      layout_basic, columned_hall_lemuel, uniq_natasha, uniq_sigmund
D:3:      minmay_razor_zed, layout_basic, fiery_altar_vehumet, uniq_ijyb

Skill      XL: |  1  2 |
---------------+-------+-----
Polearms       | 2 |  2.7
Armour         | 3 |  3.4
Shields        | 3 |  3.5
Fighting       | |  3.8

Action                     |  1- 3 |  4- 6 || total
---------------------------+-------+-------++-------
  Melee: Trident           |   107 |    40 ||   147
 Armour: Scale mail        |    66 |    19 ||    85
  Dodge: Dodged            |    36 |     5 ||    41
  Block: Buckler           |    20 |     6 ||    26
